 Dungeon Crawl Stone Soup version 0.31-a0-700-gf13585253f (webtiles) character file.

Game seed: 8061060303424608270

263 qw the Shooter (level 6, 0/38 HPs)
             Began as a Gargoyle Hunter on Sept 7, 2023.
             Slain by a gnoll
             ... wielding a +0 spear
              (8 damage)
             ... on level 4 of the Dungeon.
             The game lasted 00:01:21 (2607 turns).

qw the Shooter (Gargoyle Hunter)                    Turns: 2607, Time: 00:01:21

Health: 0/38       AC: 11    Str: 14 (15) XL:     6   Next: 19%
Magic:  6/6        EV: 11    Int:  8 (9)  God:
Gold:   135        SH:  0    Dex: 18 (21) Spells: 5/5 levels left

rFire   . . .        c - +2 sling (heavy)
rCold   . . .        (no shield)
rNeg    + . .        d - +0 ring mail
rPois   inf          a - +1 helmet
rElec   +            (no cloak)
rCorr   .            (no gloves)
SInv    +            (no boots)
Will    .....        (no amulet)
Stlth   +            h - ring of see invisible
HPRegen 0.26/turn    i - +6 ring of dexterity
MPRegen 0.10/turn

%: no passive effects
@: no status effects
A: sickness immunity, AC +4, negative energy resistance 1, electricity
resistance, torment resistance 1, petrification resistance
a: no special abilities


You were on level 4 of the Dungeon.
You visited 1 branch of the dungeon, and saw 4 of its levels.

You collected 135 gold pieces.


Innate Abilities, Weirdness & Mutations

You are immune to sickness and miasma.
Your stone body is resilient. (AC +4)
You are immune to poison.
You resist negative energy. (rN+)
You are resistant to electric shocks. (rElec)
You are resistant to unholy torment.
You are immune to petrification.


   Skills:
 - Level 4.2 Fighting
 + Level 6.3 Ranged Weapons
 - Level 1.0 Armour
 - Level 1.5 Dodging
 - Level 1.1 Stealth


You had 5 spell levels left.
You didn't know any spells.
Your spell library was empty.

Inventory:

Hand Weapons
 c - a +2 heavy sling (weapon)
Armour
 a - a +1 helmet (worn)
 d - a +0 ring mail (worn)
Jewellery
 h - a ring of see invisible (left hand)
 i - a +6 ring of dexterity (right hand)
 m - an amulet of guardian spirit
Scrolls
 b - a scroll of teleportation
 j - a scroll of identify
Potions
 e - a potion of enlightenment {unknown}
 f - a potion of heal wounds {unknown}
 g - a potion of invisibility {unknown}
 k - 2 potions of curing {unknown}
 l - a potion of haste {unknown}

Dungeon Overview and Level Annotations

Branches:
Dungeon (4/15)
 Temple: D:4-7

Altars:
Kikubaaqudgha
Nemelex Xobeh
Ru
Uskayaw

Shops:
D:2 (

Annotations:
D:3 exclusion: goblin
D:4 3 runed translucent doors, qw's ghost, amateur GrHu


Message History

You kill the adder!
A gnoll comes into view. It is wielding a +0 halberd.
The gnoll moves out of view.
A gnoll is nearby!
You shoot a sling bullet. The gnoll shouts!
The sling bullet hits the gnoll.
The gnoll is heavily wounded.
You hear a shout! x2
A gnoll comes into view. It is wielding a +0 flail.
A gnoll comes into view. It is wielding a +0 spear.
A giant cockroach comes into view.
You shoot a sling bullet.
The sling bullet hits the giant cockroach!
You kill the giant cockroach!
A gnoll comes into view.
It is wielding a +2 whip of electrocution.
You shoot a sling bullet.
The sling bullet closely misses the gnoll.
The gnoll barely misses you.
You shoot a sling bullet.
The sling bullet closely misses the gnoll.
An endoplasm comes into view.
The gnoll misses you. The gnoll closely misses you.
The gnoll hits you but does no damage.
The endoplasm moves out of view.
You shoot a sling bullet. The sling bullet hits the gnoll.
The gnoll is moderately wounded.
The gnoll hits you with a +0 flail. The gnoll hits you but does no damage.
You shoot a sling bullet. The sling bullet hits the gnoll.
The gnoll is moderately wounded.
The gnoll barely misses you.
The gnoll hits you but does no damage. x3
The gnoll hits you with a +2 whip of electrocution.
The gnoll hits you with a +0 flail.
The gnoll hits you from afar with a +0 halberd!
You shoot a sling bullet. The sling bullet hits the gnoll!
You kill the gnoll!
The gnoll completely misses you.
The gnoll hits you from afar with a +0 spear.
The gnoll hits you with a +2 whip of electrocution.
The gnoll hits you from afar with a +0 spear!
You die...

#..........
#.......... ..
##.........
..# #.........
...#
##........
#...#
#........
#%...#
#........
.....g###
##.......
......g@##
##.....#
.....g#).##
#...### .....
##..### #####
# ...% ##...##
#### ...
###..## ###...
..
##..#####.....
.
##.........).
##..........
###........


You could see 3 gnolls.

Vanquished Creatures
  An orc priest (D:3)
  Ijyb (D:3)
  Jessica (D:3)
  Robin (D:3)
  A gnoll (D:4)
  3 adders
  2 dart slugs
  10 orcs
  9 ball pythons
  6 bats
  9 endoplasms
  4 giant cockroaches
  13 hobgoblins
  14 jackals
  5 kobolds
  6 quokkas
  7 frilled lizards
  18 goblins
  6 rats
117 creatures vanquished.

Notes
Turn   | Place    | Note
-------+----------+-------------------------------------------
     0 | D:1      | qw the Gargoyle Hunter began the quest for the Orb.
     0 | D:1      | Reached XP level 1. HP: 12/12 MP: 1/1
     0 | D:1      | 0 ||| qw: Version: 0.3-a-76-g4403597
     0 | D:1      | 0 ||| qw: Game counter: 725
     0 | D:1      | 0 ||| qw: Melee chars always use a shield: true
     0 | D:1      | 0 ||| qw: God list: Okawaru
     0 | D:1      | 0 ||| qw: Allow faded altars: false
     0 | D:1      | 0 ||| qw: Do Orc after clearing Dungeon:15 true
     0 | D:1      | 0 ||| qw: Do second Lair branch before Depths: true
     0 | D:1      | 0 ||| qw: Lair rune preference: random
     0 | D:1      | 0 ||| qw: Goals: Normal
     0 | D:1      | 0 ||| PLANNING D:1-11
    11 | D:1      | 11 ||| Stepping ~*~*~tactically~*~*~ (water).
    99 | D:1      | Reached XP level 2. HP: 17/17 MP: 2/2
   312 | D:1      | Reached XP level 3. HP: 21/21 MP: 3/3
   323 | D:1      | Reached skill level 5 in Ranged Weapons
   572 | D:1      | 572 ||| UPGRADING to ring of see invisible.
   573 | D:1      | 573 ||| UPGRADING to +6 ring of dexterity.
   574 | D:1      | 574 ||| READING scroll labelled BAMIUV BORHU.
   575 | D:1      | 575 ||| READING scroll labelled EDIOTZUCOI.
   580 | D:1      | 580 ||| READING scroll labelled IXKIPH QALIABY.
   581 | D:1      | 581 ||| READING scroll labelled MISCHI QUURRUDE.
   582 | D:1      | 582 ||| DROPPING scroll of butterflies.
   655 | D:2      | Reached skill level 3 in Fighting
   688 | D:2      | Found Ciblid's Antique Weapon Shop.
   703 | D:2      | Reached XP level 4. HP: 28/28 MP: 4/4
   705 | D:2      | 705 ||| SHOPLISTING translucent sling (143 gold, have 57).
   848 | D:2      | 848 ||| FLEEEEING.
   886 | D:2      | Found an ancient bone altar of Kikubaaqudgha.
  1028 | D:2      | 1028 ||| UPGRADING to +1 helmet.
  1033 | D:2      | 1033 ||| UPGRADING to +0 ring mail.
  1043 | D:2      | 1043 ||| DROPPING +0 leather armour.
  1044 | D:2      | 1044 ||| READING scroll labelled LAUCRY QUYRORI.
  1063 | D:3      | 1063 ||| STAIRDANCE
  1072 | D:3      | 1072 ||| STAIRDANCE
  1072 | D:3      | Noticed Robin
  1092 | D:3      | 1092 ||| STAIRDANCE
  1130 | D:3      | 1130 ||| STAIRDANCE
  1134 | D:2      | Reached skill level 1 in Armour
  1137 | D:3      | 1137 ||| STAIRDANCE
  1147 | D:3      | 1147 ||| STAIRDANCE
  1157 | D:3      | 1157 ||| STAIRDANCE
  1167 | D:3      | Killed Robin
  1168 | D:3      | Reached XP level 5. HP: 31/32 MP: 5/5
  1188 | D:3      | Reached skill level 6 in Ranged Weapons
  1210 | D:3      | 1210 ||| FLEEEEING.
  1211 | D:3      | 1211 ||| STAIRDANCE
  1233 | D:3      | 1233 ||| SWAPPING to +2 heavy sling.
  1234 | D:3      | 1234 ||| DROPPING +0 shortbow.
  1272 | D:3      | Noticed Jessica
  1274 | D:3      | Killed Jessica
  1317 | D:3      | Found a sacrificial altar of Ru.
  1361 | D:3      | 1361 ||| READING scroll labelled GUCVOM WEGGU.
  1361 | D:3      | Identified a scroll of acquirement
  1361 | D:3      | 1361 ||| ACQUIRING +0 triple crossbow of flaming
  1361 | D:3      | Acquired a +0 triple crossbow of flaming
  1965 | D:3      | Noticed Ijyb
  1973 | D:3      | HP: 7/33 [Ijyb/puff of flame (11)]
  1974 | D:3      | 1974 ||| READING 2 scrolls of teleportation.
  1975 | D:3      | Killed Ijyb
  1976 | D:3      | Reached XP level 6. HP: 9/38 MP: 6/6
  2212 | D:3      | 2212 ||| READING scroll labelled YDASCH YPNUIGEPN.
  2213 | D:3      | 2213 ||| DRINKING 2 purple potions.
  2263 | D:3      | 2263 ||| DRINKING 2 fuming puce potions.
  2264 | D:3      | 2264 ||| DROPPING potion of lignification.
  2265 | D:3      | 2265 ||| DROPPING potion of degeneration.
  2308 | D:4      | 2308 ||| STAIRDANCE
  2346 | D:4      | Found a sparkling altar of Nemelex Xobeh.
  2422 | D:4      | Found a runed translucent gate.
  2422 | D:4      | Noticed qw's ghost (amateur GrHu)
  2423 | D:4      | Found a runed translucent gate.
  2423 | D:4      | Identified the +8 hand axe of Imapig {holy, *Slow rCorr
                  | MP+9 SInv Stlth+}
  2470 | D:4      | Found a hide-covered altar of Uskayaw.
  2503 | D:4      | Found a runed translucent gate.
  2607 | D:4      | HP: 8/38 [gnoll/+2 whip of electrocution (5)]
  2607 | D:4      | Slain by a gnoll

Levels and vault maps discovered:
D:1:      lightli_arrival_flooded_house, layout_rooms, minmay_pentomino_z2
D:2:      layout_rooms, basic_altar, serial_shops,
          nicolae_shop_temple_entry_statues_fountains
D:3:      layout_basic, nicolae_ru_awakened_eye, minmay_goblin_outpost,
          uniq_ijyb, uniq_robin, uniq_jessica
D:4:      layout_cave_pods, lemuel_crystal_altar,
          mainiacjoe_overflow_cross_hatched, cheibrodos_ashenzari_chains,
          biasface_ghost_orc_armoury, amcnicky_mini_pool_small

Skill      XL: |  1  2  3  4  5 |
---------------+----------------+-----
Ranged Weapons | 5 6 |  6.3
Fighting       | 3 4 |  4.2
Armour         | 1 |  1.0
Dodging        | |  1.5
Stealth        | |  1.1

Action                     |  1- 3 |  4- 6 || total
---------------------------+-------+-------++-------
   Fire: Shortbow          |   129 |   109 ||   238
         Sling             |       |    63 ||    63
    Use: Scroll            |     4 |     4 ||     8
         Potion            |       |     2 ||     2
 Armour: Leather armour    |    55 |    15 ||    70
         Ring mail         |       |    99 ||    99
  Dodge: Dodged            |    58 |    80 ||   138

Table legend:
 A = Non-vault XP
 B = Vault XP
 C = Vault XP percentage of total XP
 D = Non-vault monster count
 E = Vault monster count
 F = Vault count percentage of total count
                 A         B        C        D         E       F
            +---------+---------+-------+---------+---------+-------
      Total |     271 |     120 |  30.7 |      98 |      19 |  16.2
            +---------+---------+-------+---------+---------+-------
        D:1 |      54 |       2 |   3.6 |      30 |       1 |   3.2
        D:2 |      89 |      17 |  16.0 |      37 |       9 |  19.6
        D:3 |      82 |     101 |  55.2 |      21 |       9 |  30.0
        D:4 |      46 |       0 |   0.0 |      10 |       0 |   0.0
            +---------+---------+-------+---------+---------+-------
